 Dungeon Crawl Stone Soup version 0.14-a0-759-g26e2352 (webtiles) character file.

1095 PolkaDot the Ruinous (level 8, -1/50 HPs)
             Began as a Vampire Wizard on Nov 8, 2013.
             Slain by Prince Ribbit (20 damage)
             ... on Level 4 of the Dungeon.
             The game lasted 00:21:12 (4616 turns).

PolkaDot the Ruinous (Vampire Wizard)               Turns: 4616, Time: 00:21:13

HP  -1/50        AC  2     Str 11      XL: 8   Next:  1%
MP   2/18        EV 17     Int 22      God:
Gold 83          SH  0     Dex 12      Spells:  3 memorised,  6 levels left

Res.Fire  : + . .   See Invis. : +   k - +2,+1 elf dagger (speed)
Res.Cold  : x . .   Warding    : .   a - +0 robe
Life Prot.: . . .   Conserve   : .   (no shield)
Res.Poison: .       Res.Corr.  : .   b - +0 wizard hat
Res.Elec. : .       Clarity    : .   (no cloak)
Sust.Abil.: . .     Spirit.Shd : .   (no gloves)
Res.Mut.  : .       Stasis     : .   (no boots)
Res.Rott. : .       Flight     : .   (no amulet)
Saprovore : . . .                    q - +5 ring of evasion
                                     o - ring of fire

@: regenerating quickly, mighty, very slightly contaminated, somewhat resistant
to hostile enchantments, stealthy
A: bottle blood, fangs 3, see invisible, unbreathing
a: Bottle Blood


You were on level 4 of the Dungeon.
You were full.

You visited 1 branch of the dungeon, and saw 4 of its levels.
You also visited: Sewer.

You collected 83 gold pieces.

Inventory:

Hand weapons
 k - a +2,+1 elven dagger of speed (weapon)
Armour
 a - a +0 robe (worn)
 b - a +0 wizard hat (worn)
 l - a +0 troll hide {Purgy}
Magical devices
 s - a wand of slowing (13) {unknown}
Scrolls
 d - a scroll of recharging {unknown}
 e - 2 scrolls of identify
 f - a scroll of fog {unknown}
 g - 4 scrolls of remove curse {unknown}
 h - 2 scrolls of curse weapon {unknown}
 j - a scroll of enchant weapon II {unknown}
 p - a scroll of curse armour {unknown}
 r - a scroll of blinking {unknown}
 u - a scroll of fear {unknown}
Jewellery
 n - an uncursed ring of protection from fire
 o - a ring of fire (left hand)
 q - a +5 ring of evasion (right hand)
Potions
 i - a potion of curing
 t - 10 potions of blood
 v - 2 potions of agility
 w - 3 potions of heal wounds {unknown}
 x - a potion of restore abilities
 z - 2 potions of flight
Books
 c - a book of Minor Magic

   Spells                             Type                      Level
   *Magic Dart                        Conjuration                  1
   Blink                              Translocation                2
   Call Imp                           Summoning                    2
   Repel Missiles                     Charms/Air                   2
   Slow                               Hexes                        2
   *Conjure Flame                     Conjuration/Fire             3
   *Mephitic Cloud                    Conjuration/Poison/Air       3


   Skills:
 - Level 2.1 Dodging
 - Level 3.0 Stealth
 - Level 3.0 Spellcasting
 - Level 5.0 Conjurations
   Level 1.0 Summonings
   Level 0.7 Translocations
 * Level 4.2 Fire Magic
 + Level 3.3 Air Magic


You had 6 spell levels left.
You knew the following spells:

 Your Spells              Type           Power        Failure   Level  Hunger
a - Magic Dart            Conj           ####         1%          1    None
d - Mephitic Cloud        Conj/Pois/Air  ###.....     12%         3    ###....
s - Conjure Flame         Conj/Fire      #####...     8%          3    ###....


Dungeon Overview and Level Annotations

Branches:
Dungeon (4/27)
 Temple: D:4-7

Altars:
Fedhas
Yredelemnul

Annotations:
D:4 Prince Ribbit


Innate Abilities, Weirdness & Mutations

Your natural rate of healing is unusually fast.
You can bottle blood from corpses.
You have razor-sharp teeth.*
You have supernaturally acute eyesight.
You can survive without breathing.*


Message History

Aiming: Conjure Flame
Press: ? - help, Dir - move target cursor, p - Prince Ribbit You feel a surge of power!
The fire roars!
Prince Ribbit lets out a mournful croak.
Prince Ribbit blinks!
Prince Ribbit hits you!
* * * LOW HITPOINT WARNING * * *
Prince Ribbit barely misses you. Prince Ribbit hits you.
* * * LOW HITPOINT WARNING * * *
Prince Ribbit completely misses you.
Drink which item? (? for menu, Esc to quit)
You feel better. Prince Ribbit barely misses you.
Drink which item? (? for menu, Esc to quit)
You feel better. Prince Ribbit hits you.
Prince Ribbit blinks!
Drink which item? (? for menu, Esc to quit)
You feel very mighty all of a sudden.
You start resting.
Prince Ribbit hits you!
You die...

#......####.#######...##
#....#.# #.### ##.##
#.##.#.# ##...## #F#
#.##.#.###.###.## #.#
#.......#.#...#.# #.#
#.##.##.#.#.>.#.####.#
#.##.##.#.#...#......#
#.##.......###F.######
#%#####.###..@###
#.#####.# #####
#.......# #########


You could see Prince Ribbit.

Vanquished Creatures
  A hippogriff (D:4)
  Purgy (D:3)
  A phantom (D:4)
  A big kobold (Sewer)
  An orc priest (D:4)
  2 hounds (D:4)
  A big fish (Sewer)
  A worker ant (D:4)
  An iguana (D:4)
  3 orc wizards (D:4)
  A centaur skeleton (D:4)
  Terence (D:2)
  7 gnolls
  7 adders
  A green rat (Sewer)
  2 worms (D:2)
  2 grey rats
  A giant eyeball (D:4)
  2 giant geckos (D:2)
  An ooze (D:2)
  7 orcs (D:4)
  4 ball pythons
  6 goblins
  4 hobgoblins
  2 jackals (Sewer)
  A quokka (D:2)
  6 bats
  5 giant cockroaches
  A giant gecko skeleton (D:4)
  5 giant newts
  A giant spore (D:2)
  13 kobolds
  12 rats
  7 ballistomycetes (D:2)
112 creatures vanquished.

Notes
Turn   | Place    | Note
--------------------------------------------------------------
     0 | D:1      | PolkaDot, the Vampire Wizard, began the quest for the Orb.
     0 | D:1      | Reached XP level 1. HP: 11/11 MP: 6/6
   194 | D:1      | Reached skill level 1 in Conjurations
   579 | D:1      | Reached XP level 2. HP: 13/17 MP: 2/8
  1044 | D:2      | Noticed Terence
  1053 | D:2      | Found a basalt altar of Yredelemnul.
  1205 | D:2      | Reached XP level 3. HP: 19/22 MP: 7/10
  1610 | D:2      | Found a blossoming altar of Fedhas.
  1765 | D:2      | Learned a level 3 spell: Conjure Flame
  1769 | D:2      | Learned a level 3 spell: Mephitic Cloud
  2094 | D:2      | Reached XP level 4. HP: 28/28 MP: 8/12
  2298 | D:2      | Killed Terence
  2425 | D:2      | Reached skill level 4 in Conjurations
  2425 | D:2      | Reached XP level 5. HP: 33/33 MP: 10/13
  2755 | D:3      | Reached XP level 6. HP: 36/39 MP: 6/15
  2876 | D:3      | Noticed Purgy
  2905 | D:3      | Killed Purgy
  2905 | D:3      | Reached skill level 5 in Conjurations
  3375 | D:4      | Reached skill level 1 in Fire Magic
  3642 | D:4      | Reached skill level 1 in Air Magic
  3760 | D:4      | Reached XP level 7. HP: 29/44 MP: 13/17
  3802 | D:4      | Noticed a hippogriff
  3825 | D:4      | Noticed Prince Ribbit
  3879 | D:4      | Paralysed by a giant eyeball for 3 turns
  4213 | D:4      | Killed a hippogriff
  4243 | D:4      | Found a glowing drain.
  4247 | Sewer    | Entered a sewer
  4402 | Sewer    | Reached XP level 8. HP: 30/50 MP: 1/18
  4433 | Sewer    | Found a white marble altar of Elyvilon.
  4616 | D:4      | Slain by Prince Ribbit

Action                   |  1- 3 |  4- 6 |  7- 9 || total
-------------------------+-------+-------+-------++-------
Melee: Unarmed           |    13 |       |       ||    13
       Dagger            |    15 |   255 |   176 ||   446
 Cast: Magic Dart        |   107 |    22 |    25 ||   154
       Conjure Flame     |       |     7 |     8 ||    15
       Mephitic Cloud    |       |     6 |    10 ||    16
 Abil: Bottle Blood      |       |       |    11 ||    11
       End Transformatio |       |       |     1 ||     1
       Bat Form          |       |       |     1 ||     1
  Use: Potion            |     1 |     7 |     6 ||    14
       Scroll            |       |     1 |     1 ||     2
 Stab: Sleeping          |       |     4 |     2 ||     6
       Confused          |       |     3 |     4 ||     7
       Distracted        |       |     1 |       ||     1
